 Dungeon Crawl Stone Soup version 0.29-a0-234-g0dae59b3db (webtiles) character file.

Game seed: 4767472085958052754

4 Gargoyl the Skirmisher (level 1, -1/15 HPs)
             Began as a Gargoyle Abyssal Knight on Mar 2, 2022.
             Was an Initiate of Lugonu.
             Slain by a kobold
             ... wielding a +0 whip
              (3 damage)
             ... on level 1 of the Dungeon.
             The game lasted 00:00:19 (101 turns).

Gargoyl the Skirmisher (Gargoyle Abyssal Knight)     Turns: 101, Time: 00:00:20

Health: -1/15      AC:  5    Str: 16    XL:     1   Next: 70%
Magic:  2/2        EV: 11    Int: 10    God:    Lugonu [......]
Gold:   0          SH:  0    Dex: 10    Spells: 0/0 levels left

rFire   . . .      SeeInvis .   a - +1 hand axe
rCold   . . .      Faith    .   (no shield)
rNeg    + . .      Spirit   .   b - +0 leather armour
rPois   ∞          Reflect  .   (no helmet)
rElec   +          Harm     .   (no cloak)
rCorr   .          Rampage  .   (no gloves)
Will    .....                   (no boots)
Stlth   +.........              (no amulet)
HPRegen 0.05/turn               (no ring)
MPRegen 0.08/turn               (no ring)

@: no status effects
A: sickness immunity, AC +2, negative energy resistance 1, electricity
resistance, torment resistance 1, petrification resistance
a: Renounce Religion


You were on level 1 of the Dungeon.
You worshipped Lugonu.
Lugonu was noncommittal.
You visited 1 branch of the dungeon, and saw 1 of its levels.
You visited the Abyss 1 time.

Inventory:

Hand Weapons
 a - a +1 hand axe (weapon)
Armour
 b - a +0 leather armour (worn)


   Skills:
 + Level 3.7 Fighting
 + Level 1.7 Axes
 + Level 2.1 Armour
 + Level 0.7 Dodging
 + Level 2.0 Invocations


You couldn't memorise any spells.
You didn't know any spells.
Your spell library was empty.

Dungeon Overview and Level Annotations

Branches:
Dungeon (1/15)

Altars:


Innate Abilities, Weirdness & Mutations

You are immune to sickness and miasma.
Your stone body is resilient. (AC +2)
You are immune to poison.
You resist negative energy. (rN+)
You are resistant to electric shocks. (rElec)
You are resistant to unholy torment.
You are immune to petrification.


Message History

The ball python bites you but does no damage.
The ball python constricts you.
You closely miss the ball python.
The ball python is heavily wounded.
A bat comes into view.
The ball python closely misses you. The ball python constricts you.
You hit the ball python.
The ball python is severely wounded.
The ball python barely misses you. The ball python constricts you.
You slash the ball python!
You kill the ball python!
Lugonu accepts your kill. The bat hits you but does no damage. x2
The kobold hits you but does no damage.
A ball python comes into view.
The bat misses you. The bat completely misses you.
A hobgoblin comes into view.
The ball python hisses angrily.
The bat hits you but does no damage.
You barely miss the kobold. The bat barely misses you.
The kobold hits you with a +0 whip.
* * * LOW HITPOINT WARNING * * *
You closely miss the kobold. The bat hits you but does no damage.
The kobold barely misses you. The ball python misses you.
The ball python closely misses you.
Unknown command.
You aren't carrying any potions.
You closely miss the kobold. You hit the bat.
You kill the bat!
Lugonu accepts your kill.
You completely miss the ball python. You hit the hobgoblin.
The hobgoblin closely misses you. The kobold barely misses you.
The ball python bites you but does no damage.
The ball python grabs you. The ball python constricts you.
The hobgoblin completely misses you.
You closely miss the kobold. You hit the hobgoblin. You hit the ball python.
You kill the ball python!
Lugonu accepts your kill. The kobold hits you with a +0 whip.
You die...

♣♣..# ### ♣♣ ♣...###..#
♣♣♣. ♣...#...
♣♣♣♣.♣.♣♣♣..#..#
.............#
#..#.##...########
#......#........#
##g.#####)###.#.# #.@###
#.....# ##K$.###.#.#.###
#....#.........#
#....†..###.#.#.#.#.#
##......$.....#.#...
#...>..#.#.###.###.#.#
........#......<......#
..###....#.#.###.###.#.#
# #.#.... ...#.# ..


You could see a hobgoblin and a kobold.

Vanquished Creatures
  2 ball pythons (D:1)
  A giant cockroach (D:1)
  A goblin (D:1)
  A bat (D:1)
5 creatures vanquished.

Notes
Turn   | Place    | Note
-------+----------+-------------------------------------------
     0 | Abyss:1  | Gargoyl the Gargoyle Abyssal Knight began the quest for the
                  | Orb.
     0 | Abyss:1  | Reached XP level 1. HP: 14/14 MP: 2/2
    46 | Abyss:1  | Noticed a glowing orange brain
    47 | D:1      | Escaped the Abyss
   101 | D:1      | Slain by a kobold

Illustrated notes

Levels and vault maps discovered:
D:1:      roderic_chinese_lattice_arrival, layout_rooms,
          chequers_ecumenical_altar_grove

Action                   || total
-------------------------++-------
Melee: Hand axe          ||    15
Invok: Depart the Abyss  ||     1
Armor: Leather armour    ||    11
Dodge: Dodged            ||    13

Table legend: (Time is in decaauts)
 A = Elapsed time spent in this place.
 B = Non-inter-level travel time spent in this place.
 C = Inter-level travel time spent in this place.
 D = Time resting spent in this place.
 E = Time spent auto-exploring this place.
 F = Levels seen in this place.
 G = Mean time per level.
                   A        B        C        D        E       F      G
               +--------+--------+--------+--------+--------+-----+--------+
         Total |    103 |    103 |      0 |      0 |     74 |   2 |   51.5 |
       Dungeon |     56 |     56 |      0 |      0 |     29 |   1 |   56.0 |
         Abyss |     47 |     47 |      0 |      0 |     45 |   1 |   47.0 |
               +--------+--------+--------+--------+--------+-----+--------+

Top non-repeatable levels by time:
     D:1: 56 daAuts
 Abyss:1: 47 daAuts
